NCAA
KENTUCKY WILDCATS @ GEORGIA BULLDOGS
04/19/2030
 
TOP OF THE 1ST
Kentucky Wildcats batting - Pitching for Georgia Bulldogs : RHP Michael Walters
Pitching: RHP Michael Walters
Batting: RHB Haywood Young 0-0: Ball
1-0: Ball
2-0: Foul Ball, location: 2F
2-1: Ball
3-1: Base on Balls
Batting: RHB Travis Kramer 0-0: Ball
Haywood Young steals 2nd base
1-0: Ground out 6-3 (Groundball, 6)
Batting: RHB Billy Forbes 0-0: Ball
1-0: Foul Ball, location: 2F
1-1: Called Strike
1-2: Foul Ball, location: 2F
1-2: Strikes out swinging
Batting: RHB Sam Robinson 0-0: Fly out, F8 (Flyball, 8LS)
Top of the 1st over - 0 runs, 0 hits, 0 errors, 1 left on base; Kentucky 0 - Georgia 0
BOTTOM OF THE 1ST
Georgia Bulldogs batting - Pitching for Kentucky Wildcats : RHP Tommy Miller
Pitching: RHP Tommy Miller
Batting: RHB José Rocha 0-0: Ball
1-0: Ball
2-0: Ball
3-0: Called Strike
3-1: Foul Ball, location: 2F
3-2: Foul Ball, location: 2F
3-2: SINGLE (Groundball, 6D)
Batting: RHB Jay McGuire 0-0: Ball
1-0: Called Strike
1-1: Foul Ball, location: 2F
1-2: Foul Ball, location: 2F
1-2: Fly out, F9 (Flyball, 89M)
Batting: SHB Andrés Coronado 0-0: Swinging Strike
0-1: Ball
1-1: Ball
2-1: Grounds into double play, 4-6-3 (Groundball, 4)
Bottom of the 1st over - 0 runs, 1 hit, 0 errors, 0 left on base; Kentucky 0 - Georgia 0
TOP OF THE 2ND
Kentucky Wildcats batting - Pitching for Georgia Bulldogs : LHP Monty Bint
Pitching: LHP Monty Bint
Batting: RHB Johnny Carson 0-0: Called Strike
0-1: Foul Ball, location: 2F
0-2: Ball
1-2: Strikes out swinging
Batting: RHB Ken Jenkins 0-0: Called Strike
0-1: Ball
1-1: Foul Ball, location: 2F
1-2: Ball
2-2: Ball
3-2: Foul Ball, location: 2F
3-2: Strikes out swinging
Batting: RHB Jamal Martínez 0-0: Fly out, F9 (Flyball, 9S)
Top of the 2nd over - 0 runs, 0 hits, 0 errors, 0 left on base; Kentucky 0 - Georgia 0
BOTTOM OF THE 2ND
Georgia Bulldogs batting - Pitching for Kentucky Wildcats : RHP Tommy Miller
Batting: RHB Martín Pacheco 0-0: Called Strike
0-1: Ground out 4-3 (Groundball, 4)
Batting: LHB Artie Decker 0-0: Ball
1-0: Ball
2-0: Called Strike
2-1: Foul Ball, location: 2F
2-2: Ball
3-2: Base on Balls
Batting: RHB Jake Rutledge 0-0: Ball
1-0: Ball
2-0: Ball
3-0: Base on Balls
Artie Decker to second
Batting: LHB Dan Wilson 0-0: Ball
1-0: Ball
2-0: Ball
3-0: Called Strike
3-1: Foul Ball, location: 2F
3-2: Foul Ball, location: 2F
3-2: Fly out, F8 (Flyball, 8RD)
Batting: RHB César Méndez 0-0: Ball
1-0: Foul Ball, location: 2F
1-1: Foul Ball, location: 2F
1-2: Ball
2-2: Ball
3-2: SINGLE (Line Drive, 6D)
Artie Decker to third
Jake Rutledge to second
Artie Decker scores
Jake Rutledge to third
Batting: RHB Stephen Marshall 0-0: Called Strike
0-1: Foul Ball, location: 2F
0-2: Ball
1-2: Strikes out looking
Bottom of the 2nd over - 1 run, 1 hit, 0 errors, 2 left on base; Kentucky 0 - Georgia 1
TOP OF THE 3RD
Kentucky Wildcats batting - Pitching for Georgia Bulldogs : LHP Monty Bint
Batting: RHB Chris Young 0-0: Called Strike
0-1: Ball
1-1: Called Strike
1-2: Fly out, F8 (Flyball, 8LD)
Batting: RHB Ken Walsh 0-0: Called Strike
0-1: Ball
1-1: Ball
2-1: Ball
3-1: Foul Ball, location: 2F
3-2: Base on Balls
Batting: RHB Haywood Young 0-0: Foul Ball, location: 2F
0-1: Ball
1-1: 2-RUN HOME RUN (Line Drive, 7LD), Distance : 333 ft
Batting: RHB Travis Kramer 0-0: Called Strike
0-1: Ground out 6-3 (Groundball, 6)
Batting: RHB Billy Forbes 0-0: Ball
1-0: DOUBLE (Groundball, 5L)
Batting: RHB Sam Robinson 0-0: Ball
1-0: Called Strike
1-1: Ball
2-1: SINGLE (Groundball, 4MD)
Billy Forbes to third
Runner from 3rd tries for Home, SAFE, no throw
Pitching: RHP Jeff Beatty
Batting: RHB Johnny Carson 0-0: Ball
1-0: Ball
2-0: SINGLE (Flyball, 9S)
Sam Robinson to second
Runner from 2nd tries for 3rd, SAFE, throw made to third
Batting: RHB Ken Jenkins 0-0: Fly out, F9 (Flyball, 9LS)
Top of the 3rd over - 3 runs, 4 hits, 0 errors, 2 left on base; Kentucky 3 - Georgia 1
BOTTOM OF THE 3RD
Georgia Bulldogs batting - Pitching for Kentucky Wildcats : RHP Tommy Miller
Batting: RHB José Rocha 0-0: Ball
1-0: Foul Ball, location: 2F
1-1: Called Strike
1-2: SINGLE (Groundball, 34D)
Batting: RHB Jay McGuire 0-0: Ball
1-0: Ball
2-0: Called Strike
2-1: Ball
José Rocha steals 2nd base
3-1: Swinging Strike
3-2: Strikes out swinging
Batting: SHB Andrés Coronado 0-0: Called Strike
0-1: Swinging Strike
0-2: Ball
1-2: Ball
2-2: Strikes out swinging
Batting: RHB Martín Pacheco 0-0: Ball
1-0: Ball
2-0: Fly out, F8 (Flyball, 78M)
Bottom of the 3rd over - 0 runs, 1 hit, 0 errors, 1 left on base; Kentucky 3 - Georgia 1
TOP OF THE 4TH
Kentucky Wildcats batting - Pitching for Georgia Bulldogs : RHP Jeff Beatty
Batting: RHB Jamal Martínez 0-0: Ball
1-0: Ball
2-0: Ball
3-0: Called Strike
3-1: Fly out, F5 (Line Drive, 56S)
Batting: RHB Chris Young 0-0: Called Strike
0-1: Fly out, F7 (Flyball, 7LS)
Batting: RHB Ken Walsh 0-0: Ball
1-0: Ball
2-0: Called Strike
2-1: Fly out, F1 (Line Drive, 13)
Top of the 4th over - 0 runs, 0 hits, 0 errors, 0 left on base; Kentucky 3 - Georgia 1
BOTTOM OF THE 4TH
Georgia Bulldogs batting - Pitching for Kentucky Wildcats : RHP Tommy Miller
Batting: LHB Artie Decker 0-0: SINGLE (Groundball, 4D)
Batting: RHB Jake Rutledge 0-0: Called Strike
0-1: Grounds into double play, 1-4-3 (Groundball, 15S)
Batting: LHB Dan Wilson 0-0: Ball
1-0: Fly out, F9 (Flyball, 9LS)
Bottom of the 4th over - 0 runs, 1 hit, 0 errors, 0 left on base; Kentucky 3 - Georgia 1
TOP OF THE 5TH
Kentucky Wildcats batting - Pitching for Georgia Bulldogs : RHP Jeff Beatty
Batting: RHB Haywood Young 0-0: Ball
1-0: Ball
2-0: Called Strike
2-1: Ball
3-1: Base on Balls
Batting: RHB Travis Kramer 0-0: Ball
1-0: Ball
2-0: Called Strike
2-1: Swinging Strike
2-2: Ball
3-2: Foul Ball, location: 2F
3-2: Foul Ball, location: 2F
3-2: Foul Ball, location: 2F
3-2: Base on Balls
Haywood Young to second
Batting: RHB Billy Forbes 0-0: Fly out, F8 (Flyball, 8RXD)
Runner from 2nd tags up, SAFE at 3rd, no throw
Batting: RHB Sam Robinson 0-0: Ball
1-0: Ball
2-0: Foul Ball, location: 2F
2-1: Ball
3-1: Base on Balls
Travis Kramer to second
Batting: RHB Johnny Carson 0-0: Called Strike
0-1: Called Strike
0-2: Strikes out swinging
Batting: RHB Ken Jenkins 0-0: Called Strike
0-1: Ball
1-1: Swinging Strike
1-2: Foul Ball, location: 2F
1-2: Ball
2-2: Ball
3-2: Base on Balls
Haywood Young scores
Travis Kramer to third
Sam Robinson to second
Batting: RHB Jamal Martínez 0-0: Ball
1-0: Foul Ball, location: 2F
1-1: Foul Ball, location: 2F
1-2: Strikes out swinging
Top of the 5th over - 1 run, 0 hits, 0 errors, 3 left on base; Kentucky 4 - Georgia 1
BOTTOM OF THE 5TH
Georgia Bulldogs batting - Pitching for Kentucky Wildcats : RHP Tommy Miller
Batting: RHB César Méndez 0-0: Called Strike
0-1: Fly out, F9 (Flyball, 89M)
Batting: RHB Stephen Marshall 0-0: Foul Ball, location: 2F
0-1: Ball
1-1: Ball
2-1: Foul Ball, location: 2F
2-2: SINGLE (Groundball, 56D)
Batting: RHB José Rocha 0-0: Foul Ball, location: 2F
0-1: Ball
1-1: Called Strike
Stephen Marshall steals 2nd base
1-2: SINGLE (Line Drive, 6M)
Stephen Marshall to third
Batting: RHB Jay McGuire 0-0: Ball
1-0: Fly out, F4 (Line Drive, 4M)
Pitching: LHP Arthur Holder
Batting: SHB Andrés Coronado 0-0: Ball
1-0: Called Strike
1-1: Ball
2-1: Called Strike
2-2: Foul Ball, location: 2F
2-2: Ball
3-2: Strikes out looking
Bottom of the 5th over - 0 runs, 2 hits, 0 errors, 2 left on base; Kentucky 4 - Georgia 1
TOP OF THE 6TH
Kentucky Wildcats batting - Pitching for Georgia Bulldogs : RHP Jeff Beatty
Batting: RHB Chris Young 0-0: Called Strike
0-1: Called Strike
0-2: Fly out, F8 (Flyball, 8LS)
Batting: RHB Ken Walsh 0-0: Called Strike
0-1: Fly out, F5 (Line Drive, 56)
Batting: RHB Haywood Young 0-0: Called Strike
0-1: Foul Ball, location: 2F
0-2: Ball
1-2: Foul Ball, location: 2F
1-2: DOUBLE (Line Drive, 89D)
Pitching: LHP Jarrod Stewart
Batting: RHB Travis Kramer 0-0: Ball
1-0: Called Strike
1-1: Ball
2-1: Swinging Strike
2-2: Ball
3-2: Base on Balls
Batting: RHB Billy Forbes 0-0: Ball
1-0: Called Strike
1-1: Called Strike
1-2: Ball
2-2: SINGLE (Groundball, 6) (infield hit)
Haywood Young to third
Travis Kramer to second
Batting: RHB Sam Robinson 0-0: Ball
1-0: Ball
2-0: Ball
3-0: Base on Balls
Haywood Young scores
Travis Kramer to third
Billy Forbes to second
Batting: RHB Johnny Carson 0-0: Called Strike
0-1: Foul Ball, location: 2F
0-2: Strikes out swinging
Top of the 6th over - 1 run, 2 hits, 0 errors, 3 left on base; Kentucky 5 - Georgia 1
BOTTOM OF THE 6TH
Georgia Bulldogs batting - Pitching for Kentucky Wildcats : LHP Arthur Holder
Batting: RHB Martín Pacheco 0-0: Ball
1-0: Fly out, F8 (Flyball, 78D)
Batting: LHB Artie Decker 0-0: Called Strike
0-1: Swinging Strike
0-2: Ball
1-2: Strikes out swinging
Batting: RHB Jake Rutledge 0-0: SINGLE (Line Drive, 78S)
Batting: LHB Dan Wilson 0-0: Swinging Strike
0-1: Ball
1-1: Swinging Strike
1-2: Strikes out looking
Bottom of the 6th over - 0 runs, 1 hit, 0 errors, 1 left on base; Kentucky 5 - Georgia 1
TOP OF THE 7TH
Kentucky Wildcats batting - Pitching for Georgia Bulldogs : LHP Jarrod Stewart
Batting: RHB Ken Jenkins 0-0: Called Strike
0-1: Ball
1-1: Foul Ball, location: 2F
1-2: Ball
2-2: Fly out, F5 (Line Drive, 5)
Batting: RHB Jamal Martínez 0-0: Foul Ball, location: 2F
0-1: Swinging Strike
0-2: Ball
1-2: Strikes out swinging
Batting: RHB Chris Young 0-0: Swinging Strike
0-1: Swinging Strike
0-2: Strikes out swinging
Top of the 7th over - 0 runs, 0 hits, 0 errors, 0 left on base; Kentucky 5 - Georgia 1
BOTTOM OF THE 7TH
Georgia Bulldogs batting - Pitching for Kentucky Wildcats : LHP Arthur Holder
Batting: RHB César Méndez 0-0: Ball
1-0: Foul Ball, location: 2F
1-1: Foul Ball, location: 2F
1-2: Strikes out swinging
Batting: RHB Stephen Marshall 0-0: SINGLE (Line Drive, 78S)
Batting: RHB José Rocha 0-0: Called Strike
0-1: Foul Ball, location: 2F
0-2: Foul Ball, location: 2F
0-2: SINGLE (Groundball, 6MD)
Stephen Marshall to second
Batting: RHB Jay McGuire 0-0: Called Strike
0-1: Swinging Strike
0-2: SINGLE (Groundball, 56) (infield hit)
Stephen Marshall to third
José Rocha to second
Batting: SHB Andrés Coronado 0-0: Foul Ball, location: 2F
0-1: SINGLE (Groundball, 56) (infield hit)
Stephen Marshall scores
José Rocha to third
Jay McGuire to second
Batting: RHB Martín Pacheco 0-0: SINGLE (Line Drive, 7LM)
José Rocha scores
Jay McGuire to third
Andrés Coronado to second
Batting: LHB Artie Decker 0-0: Called Strike
0-1: Hit by Pitch
Jay McGuire scores
Andrés Coronado to third
Martín Pacheco to second
Pitching: RHP Rafael Hernández
Batting: RHB Jake Rutledge 0-0: Called Strike
0-1: Ball
1-1: Ball
2-1: Ball
3-1: Foul Ball, location: 2F
3-2: Base on Balls
Andrés Coronado scores
Martín Pacheco to third
Artie Decker to second
Batting: LHB Dan Wilson 0-0: Called Strike
0-1: Ball
1-1: Called Strike
1-2: Strikes out swinging
Batting: RHB César Méndez 0-0: Ball
1-0: Ball
2-0: Called Strike
2-1: Ball
3-1: Base on Balls
Martín Pacheco scores
Artie Decker to third
Jake Rutledge to second
Pinch Hitting: RHB Gerard Ford 0-0: Ball
1-0: Fly out, F5 (Popup, 5SF)
Bottom of the 7th over - 5 runs, 5 hits, 0 errors, 3 left on base; Kentucky 5 - Georgia 6
TOP OF THE 8TH
Kentucky Wildcats batting - Pitching for Georgia Bulldogs : LHP Jarrod Stewart
Now at SS: Luis Gómez
Batting: RHB Ken Walsh 0-0: Called Strike
0-1: Ball
1-1: SINGLE (Groundball, 34S) (infield hit)
Pitching: RHP Peyton Lill
Batting: RHB Haywood Young 0-0: Called Strike
0-1: Sac Bunt - play at first, batter OUT! 1-4
Ken Walsh to second
Batting: RHB Travis Kramer 0-0: Ball
1-0: Ball
2-0: SINGLE (Line Drive, 34)
Ken Walsh to third
Batting: RHB Billy Forbes 0-0: Ball
1-0: Swinging Strike
1-1: Foul Ball, location: 2F
1-2: Ball
2-2: Ball
Pickoff Throw by Catcher to First - Error! E2
Ken Walsh scores
Travis Kramer to second
3-2: Foul Ball, location: 2F
3-2: Foul Ball, location: 2F
3-2: Base on Balls
Batting: RHB Sam Robinson 0-0: Ball
1-0: Ball
2-0: Ball
3-0: Called Strike
3-1: Base on Balls
Travis Kramer to third
Billy Forbes to second
Batting: RHB Johnny Carson 0-0: Swinging Strike
0-1: Ball
1-1: Ball
2-1: SINGLE (Line Drive, 8LS)
Travis Kramer scores
Billy Forbes to third
Sam Robinson to second
Batting: RHB Ken Jenkins 0-0: Ball
1-0: Grounds into double play, 3-2-3 (Groundball, 3)
Top of the 8th over - 2 runs, 3 hits, 1 error, 2 left on base; Kentucky 7 - Georgia 6
BOTTOM OF THE 8TH
Georgia Bulldogs batting - Pitching for Kentucky Wildcats : RHP Rafael Hernández
Batting: RHB José Rocha 0-0: Foul Ball, location: 2F
0-1: Ball
1-1: Called Strike
1-2: SINGLE (Flyball, 7S)
Batting: RHB Jay McGuire 0-0: Ball
1-0: Fly out, F8 (Flyball, 78D)
Batting: SHB Andrés Coronado 0-0: Called Strike
0-1: Ball
1-1: Ball
2-1: Ball
3-1: Foul Ball, location: 2F
3-2: SINGLE (Line Drive, 8RS)
José Rocha to second
Batting: RHB Martín Pacheco 0-0: Called Strike
0-1: Called Strike
0-2: Ball
1-2: Foul Ball, location: 2F
1-2: Strikes out swinging
Batting: LHB Artie Decker 0-0: Called Strike
0-1: Ball
1-1: Ball
2-1: Foul Ball, location: 2F
2-2: Ground out 4-3 (Groundball, 4)
Bottom of the 8th over - 0 runs, 2 hits, 0 errors, 2 left on base; Kentucky 7 - Georgia 6
TOP OF THE 9TH
Kentucky Wildcats batting - Pitching for Georgia Bulldogs : RHP Peyton Lill
Pitching: LHP Jason Cabrera
Batting: RHB Jamal Martínez 0-0: Ball
1-0: Ball
2-0: Foul Ball, location: 2F
2-1: Called Strike
2-2: Strikes out swinging
Batting: RHB Chris Young 0-0: Called Strike
0-1: Fly out, F6 (Line Drive, 6)
Batting: RHB Ken Walsh 0-0: Ball
1-0: Ball
2-0: Ground out 4-3 (Groundball, 4)
Top of the 9th over - 0 runs, 0 hits, 0 errors, 0 left on base; Kentucky 7 - Georgia 6
BOTTOM OF THE 9TH
Georgia Bulldogs batting - Pitching for Kentucky Wildcats : RHP Rafael Hernández
Pitching: RHP Carlos García
Batting: RHB Jake Rutledge 0-0: Ball
1-0: Ball
2-0: SINGLE (Groundball, 3D)
Batting: LHB Dan Wilson 0-0: Bunt missed!
0-1: Sac Bunt - play at first, batter OUT! 5-4
Jake Rutledge to second
Batting: RHB César Méndez 0-0: Called Strike
0-1: Ball
1-1: Ball
2-1: Foul Ball, location: 2F
2-2: Ball
3-2: Base on Balls
Batting: RHB Luis Gómez 0-0: Foul Ball, location: 2F
0-1: Ball
1-1: SINGLE (Flyball, 9S)
Jake Rutledge to third
César Méndez to second
Batting: RHB José Rocha 0-0: Ball
1-0: Ball
2-0: Ball
3-0: Called Strike
Balk!
Jake Rutledge scores
César Méndez to third
Luis Gómez to second
3-1: Intentional Walk
Batting: RHB Jay McGuire 0-0: Ball
1-0: Ball
2-0: Foul Ball, location: 2F
2-1: Ball
3-1: Base on Balls
César Méndez scores
Luis Gómez to third
José Rocha to second
Saturday, April 7th, 2018 - OOTP Baseball 18.8 Build 76